 Dungeon Crawl Stone Soup version 0.22.0-16-gc6d26f69f9 (webtiles) character file.

256105 Kniotic the Eclecticist (level 19, -3/146 HPs)
             Began as a Demonspawn Conjurer on Aug 17, 2018.
             Was the Champion of Vehumet.
             Killed from afar by a deep elf annihilator (54 damage)
             ... with a crystal spear
             ... on level 3 of the Elven Halls.
             The game lasted 04:58:31 (68792 turns).

Kniotic the Eclecticist (Demonspawn Conjurer)      Turns: 68792, Time: 04:58:33

Health: -3/146     AC: 10    Str:  6    XL:     19   Next: 44%
Magic:  0/39       EV: 18    Int: 26    God:    Vehumet [******]
Gold:   3250       SH: 11    Dex: 14    Spells: 8/50 levels left

rFire    + + .     SeeInvis .   L - +7 rapier of Jaron {flame, rElec rN+ Str-4 Int+3}
rCold    + + +     Gourm    .   X - +2 buckler
rNeg     + + .     Faith    .   H - +4 robe "Xisot" {rC++}
rPois    +         Spirit   +   v - -2 hat of the Alchemist {rElec rPois rF+ rC+ rN+ MR+ rMut rCorr}
rElec    +         Reflect  +   A - +0 cloak {rPois}
rCorr    +         Harm     .   Y - +1 pair of gloves {archery}
rMut     +         Clarity  +   (boots unavailable)
MR       +++..                  N - +4 amulet of reflection
Stlth    +.........             z - ring of protection from magic
HPRegen  0.34/turn              C - ring of wizardry
MPRegen  0.26/turn

@: no status effects
A: hooves 3, horns 1, thin metallic scales 2, clarity, fire resistance 1, foul
stench 1, magic shield, rot immunity
}: 1/15 runes: gossamer
a: Renounce Religion


You were on level 3 of the Elven Halls.
You worshipped Vehumet.
Vehumet was exalted by your worship.
You were very hungry.

You visited 5 branches of the dungeon, and saw 30 of its levels.
You also visited: Volcano and Wizlab.

You collected 4194 gold pieces.
You spent 944 gold pieces at shops.

Inventory:

Hand Weapons
 s - the +10 falchion "Spiderbane" {drain, rN+}
   (You found it on level 13 of the Dungeon)

   A truly terrible weapon, it drains the life of those it strikes.
   It protects you from negative energy.
 F - the +8 whip "Snakebite" {curare, rPois}
   (You took it off an ogre mage on level 12 of the Dungeon)

   It poisons the flesh of those it strikes.
   It protects you from poison.
 L - the +7 rapier of Jaron (weapon) {flame, rElec rN+ Str-4 Int+3}
   (You found it on level 2 of the Elven Halls)

   It has been specially enchanted to burn those struck by it, causing extra
   injury to most foes and up to half again as much damage against particularly
   susceptible opponents.
   It affects your strength (-4).
   It affects your intelligence (+3).
   It insulates you from electricity.
   It protects you from negative energy.
Armour
 v - the -2 hat of the Alchemist (worn) {rElec rPois rF+ rC+ rN+ MR+ rMut rCorr}
   (You found it in a wizard's laboratory)

   It protects you from fire.
   It protects you from cold.
   It insulates you from electricity.
   It protects you from poison.
   It protects you from negative energy.
   It affects your resistance to hostile enchantments.
   It provides partial protection from all sources of acid and corrosion.
   It protects you from mutation.
 A - a +0 cloak of poison resistance (worn)
 E - a +2 robe of resistance
 H - the +4 robe "Xisot" (worn) {rC++}
   (You found it on level 6 of the Dungeon)

   It greatly protects you from cold.
 X - a +2 buckler (worn)
 Y - a +1 pair of gloves of archery (worn)
Jewellery
 a - an uncursed ring of protection from fire
 i - an uncursed ring of resist corrosion
 n - a +4 ring of protection
 q - the ring "Ytehorhemi" {*Slow +Inv rElec rF++ Stlth+}
   (You took it off a deep elf demonologist on level 3 of the Elven Halls)

   [ring of stealth]

   It greatly protects you from fire.
   It insulates you from electricity.
   It lets you turn invisible.
   It may slow you when you take damage.
   It makes you more stealthy.
 z - a ring of protection from magic (left hand)
 C - a ring of wizardry (right hand)
 N - a +4 amulet of reflection (around neck)
 P - an uncursed ring of positive energy
 U - the ring "Nosav" {Str+4 SInv}
   (You took it off a deep elf death mage on level 3 of the Elven Halls)

   [ring of see invisible]

   It affects your strength (+4).
   It lets you see invisible.
Wands
 d - a wand of clouds (3)
 x - a wand of digging (58)
 R - a wand of iceblast (28)
 Z - a wand of acid (3)
Scrolls
 e - 4 scrolls of magic mapping
 j - 6 scrolls of teleportation
 k - 16 scrolls of remove curse
 m - 6 scrolls of enchant weapon
 r - a scroll of identify
 y - a scroll of brand weapon
 B - 2 scrolls of fear
 I - 4 scrolls of summoning
 K - 3 scrolls of amnesia
 O - a scroll of blinking
 Q - 4 scrolls of enchant armour
 T - 2 scrolls of silence
 V - 5 scrolls of fog
Potions
 b - 3 potions of lignification
 f - a potion of invisibility
 g - 5 potions of curing
 h - 2 potions of cancellation
 l - a potion of resistance
 o - 8 potions of flight
 p - 7 potions of brilliance
 t - 3 potions of agility
 u - 5 potions of ambrosia
 w - 2 potions of magic
 D - 2 potions of haste
 G - 7 potions of might
 J - a potion of berserk rage
 M - 16 potions of mutation
Miscellaneous
 W - a box of beasts
Comestibles
 c - 30 rations
 S - 3 chunks of flesh


   Skills:
 - Level 12.0 Fighting
 - Level 10.3 Dodging
 - Level 1.7 Stealth
 - Level 3.2 Shields
 - Level 16.3 Spellcasting
 + Level 12.1 Conjurations
 - Level 12.4 Hexes
 + Level 15.6 Fire Magic
   Level 7.4 Poison Magic


You had 8 spell levels left.
You knew the following spells:

 Your Spells              Type           Power        Failure   Level  Hunger
a - Magic Dart            Conj           ####         0%          1    None
b - Iskenderun's Mystic   Conj           ######..     1%          4    None
c - Fulminant Prism       Conj/Hex       ######....   1%          4    None
d - Orb of Destruction    Conj           ######....   1%          7    #####..
e - Blink                 Tloc           N/A          1%          2    None
f - Invisibility          Hex            ######..     1%          6    ####...
g - Ignition              Fire           #######...   3%          8    #######
h - Fireball              Conj/Fire      #######...   1%          5    None
i - Iskenderun's Battles  Conj/Chrm      ######..     1%          5    None

Your spell library contained the following spells:

 Spells                   Type           Power        Failure   Level  Hunger
 Apportation              Tloc           ###...       1%          1    None
 Conjure Flame            Conj/Fire      #######.     1%          3    None
 Bolt of Cold             Conj/Ice       ######....   4%          6    ####...
 Bolt of Magma            Conj/Fire/Erth ######....   1%          5    None
 Slow                     Hex            ######..     1%          2    None
 Confuse                  Hex            ######..     1%          3    None
 Throw Flame              Conj/Fire      ######       0%          2    None
 Throw Frost              Conj/Ice       ######       1%          2    None
 Controlled Blink         Tloc           N/A          100%        8    #######
 Freezing Cloud           Conj/Ice/Air   #####.....   9%          6    ####...
 Mephitic Cloud           Conj/Pois/Air  ######..     1%          3    None
 Venom Bolt               Conj/Pois      ######....   1%          5    None
 Olgreb's Toxic Radiance  Pois           ######..     1%          4    None
 Summon Small Mammal      Summ           ###.         1%          1    None
 Animate Dead             Necr           N/A          11%         4    None
 Freeze                   Ice            ###.         1%          1    None
 Ozocubu's Refrigeration  Ice            ###.......   36%         6    ####...
 Sticky Flame             Conj/Fire      #######.     1%          4    None
 Summon Ice Beast         Ice/Summ       ###.....     11%         4    None
 Ozocubu's Armour         Chrm/Ice       ###.....     3%          3    None
 Call Imp                 Summ           ###.....     1%          2    None
 Sting                    Conj/Pois      ####         1%          1    None
 Tukima's Dance           Hex            ######..     1%          3    None
 Iron Shot                Conj/Erth      ######....   4%          6    ####...
 Stone Arrow              Conj/Erth      ######       1%          3    None
 Recall                   Summ/Tloc      N/A          3%          3    None
 Statue Form              Tmut/Erth      ###......    82%         6    ####...
 Ice Form                 Ice/Tmut       ###.....     11%         4    None
 Dragon Form              Tmut           ###.......   100%        7    #####..
 Death Channel            Necr           ###.......   82%         6    ####...
 Throw Icicle             Conj/Ice       ######..     1%          4    None
 Flame Tongue             Conj/Fire      #####        0%          1    None
 Call Canine Familiar     Summ           ###.....     3%          3    None
 Ensorcelled Hibernation  Hex/Ice        ######       1%          2    None
 Metabolic Englaciation   Hex/Ice        ######....   2%          5    None
 Summon Butterflies       Summ           ###.....     1%          1    None
 Dispersal                Tloc           ###.......   82%         6    ####...
 Static Discharge         Conj/Air       ######..     1%          3    None
 Corona                   Hex            ######.      0%          1    None
 Alistair's Intoxication  Tmut/Pois      #####...     6%          5    None
 Simulacrum               Ice/Necr       ###.......   82%         6    ####...
 Portal Projectile        Hex/Tloc       ######       1%          3    None
 Petrify                  Tmut/Erth      ###.....     11%         4    None
 Inner Flame              Hex/Fire       #######.     1%          3    None
 Aura of Abjuration       Summ           ###.......   28%         5    None
 Disjunction              Tloc           ###.......   100%        8    #######
 Dazzling Spray           Conj/Hex       ######       1%          3    None
 Force Lance              Conj/Tloc      ######..     1%          4    None
 Searing Ray              Conj           ######       1%          2    None
 Summon Lightning Spire   Summ/Air       ###.....     11%         4    None
 Summon Guardian Golem    Hex/Summ       ######..     1%          3    None
 Spellforged Servitor     Conj/Summ      ######....   19%         7    #####..
 Hydra Form               Tmut           ###.......   82%         6    ####...
 Irradiate                Conj/Tmut      ######....   1%          5    None
 Gell's Gravitas          Tloc           ###.......   3%          3    None
 Lesser Beckoning         Tloc           ###.......   3%          3    None
 Poisonous Vapours        Pois/Air       #####.       1%          2    None
 Borgnjor's Vile Clutch   Necr/Erth      ###.......   28%         5    None


Dungeon Overview and Level Annotations

Branches:
Dungeon (15/15)            Temple (0/1) D:4            Lair (6/6) D:10
 Shoals (0/4) Lair:2       Spider (4/4) Lair:4        Slime (0/5) Lair:5
    Orc (2/2) D:12            Elf (3/3) Orc:2        Vaults (0/5) D:14
 Depths (0/5) D:15

Altars:
Ashenzari
Cheibriados
Dithmenos
Elyvilon
Gozag
Hepliaklqana
Kikubaaqudgha
Makhleb
Qazlal
Trog
Uskayaw
Vehumet
Wu Jian
Beogh

Shops:
D:8 *   Orc:1 =   Orc:2 [((:![[   Elf:1 }(?   Elf:2 (

Portals:
Trove: D:15 (give +7 demon blade)

Annotations:
Elf:2 3 runed doors
Elf:3 3 runed doors, Decroz's ghost, journeyman DsGl; Icoamn's ghost, journeyman MiBe; Jeiss's ghost, journeyman DsGl


Innate Abilities, Weirdness & Mutations

You have hooves in place of feet.
You are mostly covered in thin metallic scales. (AC +3)
Your flesh is heat resistant. (rF+)
You may emit foul miasma when damaged in melee.
When hurt, damage is shared between your health and your magic reserves.
You are immune to rotting.
You have a pair of small horns on your head.
You possess an exceptional clarity of mind.


Message History

The deep elf annihilator is moderately wounded.
Casting: Fireball (safe; 1% risk of failure)
Confirm with . or Enter, or press ? or * to list all spells.
Aiming: Fireball (safe; 1% risk of failure)
Press: ? - help, Shift-Dir - straight line, f/p - deep elf annihilator
Aim: a deep elf annihilator, wielding a crystal falchion {speed}, wearing a leather armour and wearing a ring of resist corrosion (moderately wounded)
The fireball explodes!
The fireball engulfs the deep elf annihilator.
The deep elf annihilator resists.
The deep elf annihilator is heavily wounded.
You hit the deep elf annihilator.
The deep elf annihilator is heavily wounded.
The deep elf annihilator hits you with a crystal falchion {speed}!
You puncture the deep elf annihilator! You burn the deep elf annihilator.
Your headbutt misses the deep elf annihilator.
The deep elf annihilator is severely wounded.
The deep elf annihilator hits you with a crystal falchion {speed}!
The deep elf annihilator casts a spell at you.
The crystal spear hits you!
You die...

########...###########..#'######'
.......#...#.........)..#.....)..
.......#...#.........#..#........
.....[.#.).#..#####..#..#..#'###[
......(#...#..#...#e.#..[..'...#.
.......#...#..#...#..#..#..#...#.
...........'..#...'..#..#.)#...#.
......[....#..###'#..#..#..#####.
..)....))..#....@e...#..#..(...?.
...=[).'...#.........#..#........
###[.).....###########..#'#######
..)................(.)=.)........
.............)...................
#################################


You could see a deep elf annihilator and a deep elf mage.

Vanquished Creatures
  A deep elf master archer (Elf:3)
  A deep elf blademaster (Elf:3)
  Gastronok (D:11)
  Agnes (Spider:4)
  Kirke (Lair:5)
  Roxanne (Spider:3)
  A fire giant (D:14)
  5 deep elf sorcerers
  2 ghost moths (Spider:4)
  3 deep elf elementalists
  5 emperor scorpions
  A stone giant (Orc:1)
  4 very ugly things (WizLab)
  3 entropy weavers
  3 deep elf demonologists (Elf:3)
  A spark wasp (Spider:2)
  Nessos (Lair:4)
  4 deep elf annihilators (Elf:3)
  6 deep elf death magi (Elf:3)
  3 deep elf high priests (Elf:3)
  The ghost of flt the Fighter, a journeyman OpFi of Elyvilon (Lair:4)
  3 vault guards (D:14)
  Erolcha (D:12)
  12 hydras
  2 ogre magi
  6 centaur warriors
  A catoblepas (Lair:2)
  A death knight (D:15)
  7 two-headed ogres
  A satyr (shapeshifter) (Elf:2)
  3 orc high priests (Orc:2)
  12 dancing weapons
  Sonja (Orc:1)
  An iron golem (WizLab)
  7 deep elf knights
  6 skeletal warriors
  A sea snake (shapeshifter) (Elf:1)
  A death drake (shapeshifter) (WizLab)
  2 wizards (D:14)
  2 lindwurms (Volcano)
  A lindwurm (shapeshifter) (WizLab)
  Pikel (D:7)
  2 wolf spider zombies (D:15)
  2 necromancers (D:14)
  8 deep elf archers
  10 ugly things
  6 cyclopes
  8 orc knights
  28 wolf spiders
  A shining eye (shapeshifter) (WizLab)
  4 oklob plants (Lair:4)
  24 orb spiders
  3 orc sorcerers (Orc:2)
  3 manticores
  A moth of wrath (Spider:3)
  A merfolk siren (Lair:2)
  37 deep elf magi
  A moth of wrath (shapeshifter) (WizLab)
  3 black mambas
  16 elephants
  4 centaur zombies
  Maurice (D:11)
  A black mamba (shapeshifter) (WizLab)
  Joseph (D:7)
  5 molten gargoyles (Volcano)
  3 gargoyles
  4 freezing wraiths
  A komodo dragon (shapeshifter) (WizLab)
  8 spiny frogs
  3 komodo dragons
  The ghost of xash the Vandal, a novice HaWr (D:4)
  2 efreet (Volcano)
  11 demonic crawlers
  2 kobold demonologists (D:12)
  4 rime drakes
  A queen bee (Lair:1)
  3 polar bears
  A troll (shapeshifter) (WizLab)
  6 trolls
  A harpy zombie (D:14)
  13 blink frogs
  35 jumping spiders
  10 hornets
  A merfolk (Lair:2)
  2 hornets (shapeshifter)
  A hippogriff (shapeshifter) (Elf:1)
  A raiju (shapeshifter) (WizLab)
  2 dream sheep (Lair:6)
  14 hippogriffs
  A centaur simulacrum (D:15)
  75 redbacks
  2 shadows
  A tarantella (shapeshifter) (D:14)
  4 air elementals
  16 spriggans
  3 wyverns
  40 tarantellas
  A vampire (D:15)
  5 water elementals
  4 basilisks
  A basilisk (shapeshifter) (Elf:1)
  37 yaks
  4 wraiths
  8 fire elementals
  A human (shapeshifter) (WizLab)
  19 humans
  A steam dragon (D:10)
  A hog (shapeshifter) (WizLab)
  13 vampire mosquitoes
  A yak (shapeshifter) (WizLab)
  A hungry ghost (D:12)
  4 wargs
  An acid dragon (D:12)
  A floating eye (shapeshifter) (WizLab)
  12 water moccasins
  4 floating eyes (WizLab)
  10 porcupines
  A porcupine (shapeshifter) (WizLab)
  3 ice beasts
  2 hornet zombies
  A large abomination (WizLab)
  8 black bears
  33 orc warriors
  4 sky beasts
  2 slaves (D:7)
  12 ogres
  4 phantoms
  25 wolves
  3 boggarts (Lair:6)
  An ogre (shapeshifter) (WizLab)
  A boggart (shapeshifter) (WizLab)
  2 eyes of draining
  13 centaurs
  21 crocodiles
  3 big kobolds
  19 bullfrogs
  2 earth elementals
  3 scorpions
  A wyvern skeleton (D:13)
  3 small abominations (WizLab)
  12 wights
  24 killer bees
  7 howler monkeys
  5 crimson imps
  4 jellies
  2 quasits
  3 bullfrog zombies
  34 orc priests
  5 bullfrog skeletons
  9 hounds
  26 orc wizards
  5 centaur skeletons
  Crazy Yiuf (D:3)
  Jessica (D:2)
  5 iguanas
  Ijyb (D:3)
  7 worker ants
  2 killer bee zombies
  2 hound zombies
  A hound skeleton (D:6)
  A howler monkey zombie (D:8)
  A worker ant zombie (D:7)
  2 howler monkey skeletons
  4 gnolls (D:4)
  13 adders
  A river rat (D:4)
  10 shadow imps
  3 oozes
  3 worms
  2 dart slugs
  8 leopard geckos
  93 orcs
  5 bats
  6 giant cockroaches
  6 goblins
  7 hobgoblins
  12 jackals
  19 kobolds
  3 quokkas
  A ball python (D:4)
  4 frilled lizards
  A giant cockroach zombie (D:5)
  A leopard gecko skeleton (D:7)
  A leopard gecko zombie (D:8)
  A quokka skeleton (D:4)
  8 rats
  A bush (Lair:4)
  2 crawling corpses (Elf:3)
  A fire vortex (Volcano)
  6 fulminant prisms
  3 fungi
  4 plants
1248 creatures vanquished.

Vanquished Creatures (others)
  A deep elf archer (Elf:3)
  An ugly thing (WizLab)
  A molten gargoyle (Volcano)
  A jumping spider (Spider:2)
  2 redbacks
  2 humans (Lair:6)
  2 centaurs (D:12)
  An orc wizard (Orc:2)
  334 fulminant prisms
  17 fungi
  12 plants
  4 withered plants (Elf:3)
378 creatures vanquished.

Grand Total: 1626 creatures vanquished

Notes
Turn   | Place    | Note
-------+----------+-------------------------------------------
     0 | D:1      | Kniotic the Demonspawn Conjurer began the quest for the Orb.
     0 | D:1      | Reached XP level 1. HP: 13/13 MP: 3/3
   175 | D:1      | Gained mutation: You have large cloven feet. [demonic ancestry]
   175 | D:1      | Reached XP level 2. HP: 18/19 MP: 0/5
   836 | D:1      | Gained mutation: You are partially covered in thin metallic scales. (AC +2) [demonic ancestry]
   836 | D:1      | Reached XP level 3. HP: 15/24 MP: 6/6
  1447 | D:2      | Reached skill level 5 in Conjurations
  1815 | D:2      | Gained mutation: You are immune to rotting. [demonic ancestry]
  1815 | D:2      | Reached XP level 4. HP: 24/30 MP: 3/8
  2284 | D:2      | Noticed Jessica
  2289 | D:2      | Killed Jessica
  2375 | D:2      | Reached skill level 3 in Spellcasting
  2945 | D:3      | Found a hide-covered altar of Uskayaw.
  2964 | D:3      | Learned a level 4 spell: Iskenderun's Mystic Blast
  2981 | D:3      | Noticed Ijyb
  3005 | D:3      | Killed Ijyb
  3005 | D:3      | Gained mutation: You are mostly covered in thin metallic scales. (AC +3) [demonic ancestry]
  3005 | D:3      | Reached XP level 5. HP: 24/35 MP: 0/9
  3313 | D:3      | Found a shattered altar of Ashenzari.
  3381 | D:3      | Found a radiant altar of Vehumet.
  3390 | D:3      | Became a worshipper of Vehumet
  3413 | D:3      | Found a runed door.
  3564 | D:3      | Noticed Crazy Yiuf
  3572 | D:3      | Killed Crazy Yiuf
  3823 | D:4      | Gained mutation: When hurt, damage is shared between your health and your magic reserves. [demonic ancestry]
  3823 | D:4      | Reached XP level 6. HP: 41/41 MP: 8/11
  3989 | D:4      | Found a staircase to the Ecumenical Temple.
  4043 | D:4      | Found a hazy altar of Hepliaklqana.
  4087 | D:4      | Found a runed door.
  4087 | D:4      | Noticed xash's ghost (novice HaWr)
  4211 | D:4      | Reached skill level 4 in Spellcasting
  4465 | D:4      | Killed xash's ghost
  4465 | D:4      | Reached XP level 7. HP: 40/46 MP: 0/13
  4472 | D:4      | Found a runed door.
  4662 | D:4      | Found an opulent altar of Gozag.
  4665 | D:4      | Found an ornate altar of the Wu Jian Council.
  4668 | D:4      | Found an ancient bone altar of Kikubaaqudgha.
  4771 | D:4      | Found a snail-covered altar of Cheibriados.
  5210 | D:4      | Learned a level 4 spell: Fulminant Prism
  5211 | D:5      | Entered Level 5 of the Dungeon
  5371 | D:5      | Reached * piety under Vehumet
  5371 | D:5      | Offered knowledge of Sting by Vehumet.
  5605 | D:5      | Reached skill level 5 in Spellcasting
  5898 | D:5      | Noticed a troll
  6062 | D:5      | Gained mutation: You have hoof-like feet. [demonic ancestry]
  6062 | D:5      | Reached XP level 8. HP: 52/52 MP: 5/15
  6202 | D:5      | Found a burning altar of Makhleb.
  6512 | D:5      | Found a white marble altar of Elyvilon.
  6945 | D:5      | Killed a troll
  7111 | D:5      | Reached skill level 6 in Spellcasting
  7320 | D:6      | Reached skill level 1 in Hexes
  7346 | D:6      | Offered knowledge of Throw Frost by Vehumet.
  7351 | D:6      | Learned a level 2 spell: Throw Frost
  7514 | D:5      | Reached ** piety under Vehumet
  7833 | D:6      | Noticed an air elemental
  7865 | D:6      | Found a stormy altar of Qazlal.
  7985 | D:6      | Reached XP level 9. HP: 57/57 MP: 9/19
  8156 | D:6      | Got a ripped robe
  8309 | D:6      | Reached skill level 7 in Spellcasting
  8334 | D:6      | Identified the +4 robe "Xisot" {rC++} (You found it on level 6 of the Dungeon)
  8905 | D:7      | Noticed Joseph
  9361 | D:7      | Offered knowledge of Inner Flame by Vehumet.
  9365 | D:7      | Learned a level 2 spell: Blink
  9714 | D:7      | Killed Joseph
  9714 | D:7      | Reached *** piety under Vehumet
  9714 | D:7      | Reached skill level 8 in Spellcasting
  9891 | D:7      | Noticed Pikel
  9895 | D:7      | Killed Pikel
  9899 | D:7      | You fall through a shaft for 2 floors!
 10066 | D:9      | Reached skill level 5 in Fighting
 10066 | D:9      | Reached XP level 10. HP: 74/74 MP: 14/22
 10472 | D:8      | Offered knowledge of Sticky Flame by Vehumet.
 10951 | D:8      | Noticed a red ugly thing
 10964 | D:8      | Killed a red ugly thing
 10964 | D:8      | Reached **** piety under Vehumet
 11174 | D:8      | Found Woshri's Assorted Antiques.
 11378 | D:9      | Reached skill level 9 in Spellcasting
 11687 | D:9      | Offered knowledge of Bolt of Draining by Vehumet.
 11832 | D:9      | Found a shadowy altar of Dithmenos.
 12126 | D:10     | Entered Level 10 of the Dungeon
 13056 | D:10     | Noticed a gargoyle
 13062 | D:10     | Killed a gargoyle
 13379 | D:10     | Found a white marble altar of Elyvilon.
 13424 | D:10     | Gained mutation: You may emit foul miasma when damaged in melee. [demonic ancestry]
 13424 | D:10     | Reached XP level 11. HP: 78/89 MP: 3/24
 13627 | D:10     | Found a staircase to the Lair.
 13716 | D:11     | Noticed a cyan ugly thing
 13749 | D:10     | Killed a cyan ugly thing
 13879 | D:11     | Noticed a red ugly thing
 14064 | Lair:1   | Entered Level 1 of the Lair of Beasts
 14456 | Lair:1   | Reached skill level 10 in Spellcasting
 14637 | Lair:1   | Reached skill level 10 in Fighting
 14974 | Lair:1   | Noticed an eight-headed hydra
 14980 | Lair:1   | Killed an eight-headed hydra
 15711 | Lair:2   | Noticed a five-headed hydra
 15719 | Lair:2   | Killed a five-headed hydra
 15720 | Lair:2   | Noticed an eight-headed hydra
 16171 | Lair:2   | Noticed a seven-headed hydra
 16178 | Lair:2   | Killed a seven-headed hydra
 16182 | Lair:2   | Gained mutation: Your flesh is heat resistant. (rF+) [demonic ancestry]
 16182 | Lair:2   | Reached XP level 12. HP: 60/102 MP: 1/26
 16455 | Lair:2   | Reached skill level 11 in Spellcasting
 16628 | Lair:2   | Reached ***** piety under Vehumet
 16717 | Lair:2   | Offered knowledge of Olgreb's Toxic Radiance by Vehumet.
 16872 | Lair:2   | Learned a level 6 spell: Invisibility
 17020 | Lair:2   | Noticed a catoblepas
 17167 | Lair:2   | Found a staircase to the Shoals.
 17401 | Lair:2   | Killed a catoblepas
 17401 | Lair:2   | Reached skill level 5 in Hexes
 17584 | Lair:2   | Killed an eight-headed hydra
 18496 | Lair:3   | Reached skill level 5 in Dodging
 20156 | Lair:4   | Noticed Nessos
 20278 | Lair:4   | Found a runed gate.
 20279 | Lair:4   | Found a runed gate.
 20279 | Lair:4   | Found a runed gate.
 20281 | Lair:4   | Noticed flt's ghost (journeyman OpFi)
 20281 | Lair:4   | Noticed a nine-headed hydra
 20281 | Lair:4   | Noticed a nine-headed hydra
 20282 | Lair:4   | Noticed an 11-headed hydra
 20619 | Lair:4   | Found a hole to the Spider Nest.
 20702 | Lair:4   | Killed Nessos
 21138 | Lair:4   | Reached XP level 13. HP: 77/108 MP: 16/28
 21775 | Lair:4   | Reached skill level 12 in Spellcasting
 22739 | Lair:5   | Found a staircase to the Slime Pits.
 23653 | Lair:6   | Entered Level 6 of the Lair of Beasts
 23785 | Lair:6   | Noticed Kirke
 23805 | Lair:5   | Killed Kirke
 25687 | Lair:6   | Reached skill level 10 in Dodging
 27726 | Lair:6   | Gained mutation: You have hooves in place of feet. [demonic ancestry]
 27726 | Lair:6   | Reached XP level 14. HP: 111/115 MP: 21/30
 27733 | Lair:6   | Offered knowledge of Poison Arrow by Vehumet.
 28013 | Lair:6   | Reached skill level 10 in Hexes
 29072 | Lair:6   | Learned a level 6 spell: Poison Arrow
 29372 | D:11     | Reached skill level 1 in Poison Magic
 29561 | D:11     | Noticed Gastronok
 30680 | D:11     | Noticed Maurice
 30693 | D:11     | Killed Maurice
 30932 | D:11     | Killed Gastronok
 31425 | D:12     | Identified a scroll of acquirement
 31750 | D:12     | Noticed Erolcha
 31800 | D:12     | Killed Erolcha
 31807 | D:12     | Found a staircase to the Orcish Mines.
 32289 | D:12     | Offered knowledge of Iron Shot by Vehumet.
 33314 | Orc:1    | Entered Level 1 of the Orcish Mines
 33379 | Orc:1    | Noticed a stone giant
 33401 | Orc:1    | Found Heireqot's Jewellery Emporium.
 33415 | Orc:1    | Found a dark tunnel.
 33420 | Volcano  | Entered a volcano
 33501 | Volcano  | Reached skill level 5 in Poison Magic
 34043 | Volcano  | Identified the Handbook of Supportive Clay
 34121 | Orc:1    | Killed a stone giant
 34749 | Orc:1    | Noticed Sonja
 34794 | Orc:1    | Killed Sonja
 35109 | Orc:1    | Found a roughly hewn altar of Beogh.
 35217 | Orc:2    | Entered Level 2 of the Orcish Mines
 35217 | Orc:2    | Found a staircase to the Elven Halls.
 35294 | Orc:2    | Found Wiutius's Antique Weapon Shoppe.
 35334 | Orc:2    | Offered knowledge of Lightning Bolt by Vehumet.
 35430 | Orc:2    | Found Abankube's Weapon Boutique.
 37559 | Orc:2    | Reached XP level 15. HP: 79/120 MP: 19/31
 37696 | Orc:2    | Found Meaxku's Book Boutique.
 37696 | Orc:2    | Found Watoe's Antique Armour Emporium.
 37698 | Orc:2    | Found Iwomp's Distillery.
 37698 | Orc:2    | Found Sebaoji's Armour Emporium.
 37714 | Orc:2    | Bought a book of Flames for 490 gold pieces
 37720 | Orc:2    | Learned a level 5 spell: Fireball
 37804 | Orc:2    | Found Gokkuat's Antique Armour Shoppe.
 38271 | D:13     | Reached skill level 1 in Fire Magic
 39932 | D:13     | Got a smoking falchion
 39933 | D:13     | Identified the +10 falchion "Spiderbane" {drain, rN+} (You found it on level 13 of the Dungeon)
 40001 | D:14     | Found a bloodstained altar of Trog.
 40079 | D:14     | Learned a level 5 spell: Iskenderun's Battlesphere
 40892 | D:14     | Reached skill level 5 in Fire Magic
 41013 | D:14     | Offered knowledge of Bolt of Fire by Vehumet.
 41194 | D:14     | Reached skill level 13 in Spellcasting
 41512 | D:14     | Found a gate to the Vaults.
 41847 | D:15     | Entered Level 15 of the Dungeon
 42549 | D:15     | Noticed a fire giant
 42860 | D:14     | Killed a fire giant
 44772 | D:14     | Learned a level 7 spell: Orb of Destruction
 44793 | D:15     | Found a portal to a secret trove of treasure.
 45113 | D:15     | Reached XP level 16. HP: 127/127 MP: 15/33
 45475 | D:15     | Found a staircase to the Depths.
 45797 | D:15     | Offered knowledge of Conjure Ball Lightning by Vehumet.
 46434 | Spider:1 | Entered Level 1 of the Spider Nest
 47243 | Spider:1 | Reached skill level 10 in Fire Magic
 47589 | Spider:1 | Reached skill level 14 in Spellcasting
 49027 | Spider:1 | Reached XP level 17. HP: 133/133 MP: 35/35
 49840 | Spider:2 | Offered knowledge of Poison Arrow by Vehumet.
 51944 | Spider:3 | Reached skill level 15 in Spellcasting
 53087 | Spider:3 | Noticed Roxanne
 53730 | Spider:3 | Killed Roxanne
 53868 | Spider:4 | Entered Level 4 of the Spider Nest
 54806 | Spider:4 | Reached ****** piety under Vehumet
 55009 | Spider:4 | Reached XP level 18. HP: 123/140 MP: 15/37
 55134 | Spider:3 | Offered knowledge of Glaciate by Vehumet.
 55134 | Spider:3 | Offered knowledge of Tornado by Vehumet.
 55134 | Spider:3 | Offered knowledge of Ignition by Vehumet.
 55416 | Spider:3 | Learned a level 8 spell: Ignition
 55841 | Spider:4 | Noticed Agnes
 56650 | Spider:4 | Killed Agnes
 58074 | Spider:4 | Gained mutation: Your body sometimes deteriorates upon taking damage. [mutagenic glow]
 59076 | Spider:4 | Got a gossamer rune of Zot
 59333 | D:8      | Bought a coppery potion for 18 gold pieces
 59529 | Lair:4   | Killed flt's ghost
 59832 | Lair:4   | Got a heavily runed leather armour
 59834 | Lair:4   | Identified the +0 leather armour of Leapfrog {Dex+4} (You found it on level 4 of the Lair of Beasts)
 60062 | Orc:2    | Bought a pair of embroidered gloves for 240 gold pieces
 60108 | Elf:1    | Entered Level 1 of the Elven Halls
 60202 | Elf:1    | Found a radiant altar of Vehumet.
 60638 | Elf:1    | Found Atoadwops's Antique Weapon Shop.
 60662 | Elf:1    | Reached skill level 16 in Spellcasting
 61818 | Elf:1    | Found Fusafruri's Gadget Boutique.
 62281 | Elf:1    | Found Byuleed's Magic Scroll Shop.
 62290 | Elf:1    | Bought a scroll of identify for 28 gold pieces
 62290 | Elf:1    | Bought a scroll of identify for 28 gold pieces
 62290 | Elf:1    | Bought a scroll of teleportation for 42 gold pieces
 62290 | Elf:1    | Bought a scroll of magic mapping for 49 gold pieces
 62290 | Elf:1    | Bought a scroll of magic mapping for 49 gold pieces
 62343 | Elf:1    | Identified Bineh's Tome of Supportive Conjuration
 62507 | Elf:1    | Lost mutation: Your body sometimes deteriorates upon taking damage. [potion of mutation]
 62507 | Elf:1    | Gained mutation: You possess an exceptional clarity of mind. [potion of mutation]
 62507 | Elf:1    | Gained mutation: You have a pair of small horns on your head. [potion of mutation]
 63979 | Elf:2    | Got a scorched rapier
 64002 | Elf:2    | Identified the +7 rapier of Jaron {flame, rElec rN+ Str-4 Int+3} (You found it on level 2 of the Elven Halls)
 64285 | Elf:2    | Found a runed gate.
 64285 | Elf:2    | Found a runed gate.
 64328 | Elf:2    | Found a runed gate.
 64349 | Elf:2    | Reached skill level 10 in Conjurations
 64466 | Elf:2    | Found Tifauto's Antique Weapon Shoppe.
 64530 | Elf:3    | Entered Level 3 of the Elven Halls
 64621 | Elf:3    | Found a magical portal.
 64683 | WizLab   | Entered Cigotuvi's Fleshworks
 65398 | WizLab   | Found the -2 hat of the Alchemist {rElec rPois rF+ rC+ rN+ MR+ rMut rCorr}
 65833 | WizLab   | Reached XP level 19. HP: 78/146 MP: 9/39
 66442 | Elf:3    | Found a runed gate.
 66473 | Elf:3    | Found a runed gate.
 66473 | Elf:3    | Found a runed gate.
 66476 | Elf:3    | Noticed Icoamn's ghost (journeyman MiBe)
 66476 | Elf:3    | Noticed Decroz's ghost (journeyman DsGl)
 66482 | Elf:3    | Noticed Jeiss's ghost (journeyman DsGl)
 67105 | Elf:3    | Reached skill level 15 in Fire Magic
 67903 | Elf:3    | Got a glittering brass ring
 67908 | Elf:3    | Identified the ring "Nosav" {Str+4 SInv} (You took it off a deep elf death mage on level 3 of the Elven Halls)
 68396 | Elf:3    | Got a serpentine ivory ring
 68399 | Elf:3    | Identified the ring "Ytehorhemi" {*Slow +Inv rElec rF++ Stlth+} (You took it off a deep elf demonologist on level 3 of the Elven Halls)
 68792 | Elf:3    | Killed from afar by a deep elf annihilator

Skill      XL: |  1  2  3  4  5  6  7  8  9 10 11 12 13 14 15 16 17 18 19 |
---------------+----------------------------------------------------------+-----
Conjurations   | 5 6 7 8 9 10 12 | 12.1
Spellcasting   | 3 4 5 6 8 9 10 11 12 13 14 15 16 | 16.3
Hexes          | 2 4 6 9 12 | 12.4
Fighting       | 5 9 11 12 | 12.0
Dodging        | 7 10 | 10.3
Poison Magic   | 7 |  7.4
Fire Magic     | 8 10 12 14 15 | 15.6
Shields        | 3 |  3.2
Stealth        | |  1.7

Action                   |  1- 3 |  4- 6 |  7- 9 | 10-12 | 13-15 | 16-18 | 19-21 || total
-------------------------+-------+-------+-------+-------+-------+-------+-------++-------
Melee: Unarmed           |    11 |       |       |       |    49 |       |       ||    60
       Hand axe          |    85 |    20 |       |       |       |       |       ||   105
       Kick              |    12 |    30 |    11 |    80 |   190 |   178 |    24 ||   525
       Dagger            |       |   158 |    54 |   220 |       |       |       ||   432
       Quick blade       |       |       |       |       |   472 |       |       ||   472
       Whip              |       |       |       |       |   303 |   715 |       ||  1018
       Rapier            |       |       |       |       |       |   105 |    77 ||   182
       Headbutt          |       |       |       |       |       |    26 |    10 ||    36
 Cast: Magic Dart        |    40 |   115 |   371 |   685 |   914 |    26 |     1 ||  2152
       Iskenderun's Myst |       |       |    15 |    79 |   376 |    60 |    19 ||   549
       Fulminant Prism   |       |       |    15 |    89 |   188 |    50 |       ||   342
       Throw Frost       |       |       |     3 |       |     2 |       |       ||     5
       Invisibility      |       |       |       |       |     2 |    16 |       ||    18
       Poison Arrow      |       |       |       |       |     1 |       |       ||     1
       Fireball          |       |       |       |       |    34 |   255 |    88 ||   377
       Orb of Destructio |       |       |       |       |     2 |    12 |     2 ||    16
       Iskenderun's Batt |       |       |       |       |       |     4 |       ||     4
       Ignition          |       |       |       |       |       |     5 |     4 ||     9
Evoke: Wand              |       |       |     1 |     7 |    24 |     8 |     7 ||    47
  Use: Scroll            |       |     4 |     9 |     7 |    12 |    17 |     3 ||    52
       Potion            |       |     1 |       |     6 |     3 |    16 |       ||    26
 Stab: Sleeping          |       |       |     1 |       |       |       |       ||     1
       Invisible         |       |       |       |       |     1 |    13 |       ||    14
  Eat: Chunk             |     3 |     7 |    15 |    30 |    52 |    23 |     7 ||   137
       Ration            |       |     1 |     1 |     3 |     9 |    19 |     1 ||    34
Armor: Robe              |    42 |    64 |   117 |   291 |   472 |   423 |    10 ||  1419
       Leather armour    |       |    11 |       |       |       |       |       ||    11
       Skin              |       |       |       |     6 |       |       |       ||     6
Dodge: Dodged            |    94 |   104 |   149 |   454 |  1178 |  1074 |    49 ||  3102
Block: Other             |       |       |       |    93 |   295 |    21 |       ||   409
       Reflection        |       |       |       |     1 |    19 |     6 |     4 ||    30
       Buckler           |       |       |       |       |       |   658 |    32 ||   690
